 Dungeon Crawl Stone Soup version 0.23.0 (webtiles) character file.

Game seed: 1680393542645568350

509 Faca the Spear-Bearer (level 7, -2/58 HPs)
             Began as a Merfolk Gladiator on Feb 17, 2019.
             Slain by Duvessa
             ... wielding a cursed -1 rapier
              (15 damage)
             ... on level 4 of the Dungeon.
             The game lasted 00:07:55 (4883 turns).

Faca the Spear-Bearer (Merfolk Gladiator)           Turns: 4883, Time: 00:07:56

Health: -2/58      AC:  6    Str: 14    XL:     7   Next: 19%
Magic:  7/7        EV: 13    Int:  7    God:
Gold:   289        SH:  0    Dex: 22    Spells: 6/6 levels left

rFire    . . .     SeeInvis .   a - +0 trident
rCold    . . .     Gourm    .   (no shield)
rNeg     . . .     Faith    .   e - +0 ring mail
rPois    .         Spirit   .   c - +0 helmet
rElec    .         Reflect  .   (no cloak)
rCorr    .         Harm     .   (no gloves)
MR       .....                  (no boots)
Stlth    +.........             (no amulet)
HPRegen  0.19/turn              l - +4 ring of dexterity
MPRegen  0.10/turn              (no ring)

@: no status effects
A: change form in water, swift swim, stealthy swim
a: no special abilities


You were on level 4 of the Dungeon.
You were not hungry.

You visited 1 branch of the dungeon, and saw 4 of its levels.

You collected 338 gold pieces.
You spent 49 gold pieces at shops.

Inventory:

Hand Weapons
 a - a +0 trident (weapon)
Missiles
 u - 3 tomahawks (quivered)
Armour
 c - a +0 helmet (worn)
 e - a +0 ring mail (worn)
Jewellery
 l - a +4 ring of dexterity (left hand)
Wands
 t - a wand of polymorph (5)
Scrolls
 b - a scroll of enchant armour {unknown}
 g - 3 scrolls of fog {unknown}
 i - 2 scrolls of identify {unknown}
 j - 3 scrolls of noise {unknown}
 k - 4 scrolls of teleportation {unknown}
 m - 4 scrolls of remove curse {unknown}
 r - a scroll of blinking {unknown}
Potions
 h - a potion of might {unknown}
 n - a potion of haste {unknown}
 o - a potion of flight {unknown}
 p - a potion of heal wounds {unknown}
 q - a potion of mutation {unknown}
 s - a potion of lignification {unknown}
Comestibles
 f - 7 rations
 v - a chunk of flesh


   Skills:
 + Level 6.1 Fighting
 + Level 8.6 Polearms
 - Level 2.0 Throwing
 - Level 4.0 Dodging


You had 6 spell levels left.
You didn't know any spells.
Your spell library was empty.

Dungeon Overview and Level Annotations

Branches:
Dungeon (4/15)
 Temple: D:4-7

Altars:
Makhleb

Shops:
D:4 [:=

Annotations:
D:4 Duvessa


Message History

You hit Duvessa but do no damage.
Duvessa is lightly wounded.
Duvessa hits you but does no damage.
You closely miss Duvessa.
Duvessa is lightly wounded.
Duvessa barely misses you.
You hit Duvessa.
Duvessa is moderately wounded.
Duvessa closely misses you. Duvessa hits you but does no damage.
You puncture Duvessa!
Duvessa is moderately wounded.
Duvessa hits you with a cursed -1 rapier!
You closely miss Duvessa.
Duvessa is moderately wounded.
Duvessa hits you with a cursed -1 rapier!
* * * LOW HITPOINT WARNING * * *
You hit Duvessa.
Duvessa is heavily wounded.
Duvessa hits you with a cursed -1 rapier!
You die...

### ##### ###.########
####...#####...........
...#.#.........#########
##..∩.)#####)#..).......
###.#.# #.###..######
#...# #)# #@.# #.#.##.
##### #)###e.#
####....#. #.#....#
#.........
#.##...######......#..
###......#..............
#............e..........
#.#.....................
#.#.#..(.[..............
# #.#.##########........


You could see Duvessa (berserk).

Vanquished Creatures
  A centaur (D:3)
  Dowan (D:4)
  2 hounds
  An orc priest (D:4)
  Jessica (D:3)
  Terence (D:3)
  A gnoll shaman (D:3)
  A worker ant (D:4)
  2 hound skeletons
  2 adders
  4 gnolls
  4 worms
  2 dart slugs
  3 leopard geckos
  6 orcs
  6 giant cockroaches
  6 goblins
  12 hobgoblins
  6 jackals
  11 kobolds
  5 quokkas
  4 ball pythons
  5 bats
  5 frilled lizards
  A quokka skeleton (D:4)
  6 rats
99 creatures vanquished.

Notes
Turn   | Place    | Note
-------+----------+-------------------------------------------
     0 | D:1      | Faca the Merfolk Gladiator began the quest for the Orb.
     0 | D:1      | Reached XP level 1. HP: 16/16 MP: 1/1
   111 | D:1      | Reached XP level 2. HP: 23/23 MP: 2/2
   238 | D:1      | Reached skill level 5 in Polearms
   521 | D:1      | Reached XP level 3. HP: 29/29 MP: 3/3
  1592 | D:2      | Reached XP level 4. HP: 35/35 MP: 4/4
  1774 | D:3      | Noticed Jessica
  1779 | D:3      | Killed Jessica
  1779 | D:3      | Reached skill level 6 in Polearms
  1813 | D:3      | Noticed a centaur
  1830 | D:3      | Killed a centaur
  1830 | D:3      | Reached XP level 5. HP: 6/43 MP: 5/5
  2128 | D:3      | Reached skill level 7 in Polearms
  2427 | D:3      | Noticed Terence
  2438 | D:3      | Killed Terence
  2529 | D:3      | Found a burning altar of Makhleb.
  2531 | D:3      | Noticed a green death
  2678 | D:3      | Reached XP level 6. HP: 50/50 MP: 6/6
  2731 | D:3      | Reached skill level 5 in Fighting
  3236 | D:4      | Noticed Dowan
  3240 | D:4      | Noticed Duvessa
  4247 | D:4      | Reached skill level 8 in Polearms
  4254 | D:4      | Found Duedeo's Armour Boutique.
  4627 | D:4      | Found Dumurr's Book Shop.
  4636 | D:4      | Found Rizyorao's Jewellery Emporium.
  4648 | D:4      | Bought a cursed ring of teleportation for 49 gold pieces
  4693 | D:4      | Reached XP level 7. HP: 41/57 MP: 7/7
  4860 | D:4      | Killed Dowan
  4883 | D:4      | Slain by Duvessa

Skill      XL: |  1  2  3  4  5  6  7 |
---------------+----------------------+-----
Polearms       | 5 6 7 8 |  8.6
Fighting       | 3 4 5 6 |  6.1
Throwing       | |  2.0
Dodging        | |  4.0

Action                   |  1- 3 |  4- 6 |  7- 9 || total
-------------------------+-------+-------+-------++-------
Melee: Trident           |   126 |   262 |    29 ||   417
Throw: Throwing net      |       |       |     3 ||     3
 Stab: Sleeping          |     1 |     2 |       ||     3
       Held in net/web   |       |       |     2 ||     2
  Eat: Chunk             |     1 |     7 |     1 ||     9
       Ration            |       |     1 |       ||     1
Armor: Ring mail         |    36 |    55 |     4 ||    95
Dodge: Dodged            |    73 |   143 |     8 ||   224
